 Dungeon Crawl Stone Soup version 0.28.0-47-ge53b351184 (webtiles) character file.

Game seed: 9844587757809337879

2230 L33tCrusader the Fighter (level 9, -5/83 HPs)
             Began as a Grey Draconian Berserker on Apr 26, 2022.
             Was a Priest of Trog.
             Killed by vampiric draining
             ... invoked by a vampire
              (11 damage)
             ... on level 6 of the Dungeon.
             The game lasted 00:13:19 (5976 turns).

L33tCrusader the Fighter (Grey Draconian Berserker) Turns: 5976, Time: 00:13:19

Health: -5/83      AC: 21    Str: 22    XL:     9   Next: 14%
Magic:  9/9        EV: 13    Int:  8    God:    Trog [***...]
Gold:   134        SH:  4    Dex: 10    Spells: 8/8 levels left

rFire   + . .      SeeInvis .   i - +2 mace (protect)
rCold   . . .      Faith    .   (no shield)
rNeg    . . .      Spirit   .   (armour unavailable)
rPois   .          Reflect  .   (helmet restricted)
rElec   .          Harm     .   (no cloak)
rCorr   .          Rampage  .   (no gloves)
Will    .....                   q - +1 pair of boots
Stlth   +.........              (no amulet)
HPRegen 0.23/turn               (no ring)
MPRegen 0.11/turn               (no ring)

@: under a protective aura
A: AC +12, amphibious, unfitting armour, cold-blooded, large bone plates 1,
clumsy 1, fire resistance 1, noise suppression
a: Renounce Religion, Berserk, Trog's Hand


You were on level 6 of the Dungeon.
You worshipped Trog.
Trog was most pleased with you.
You visited 1 branch of the dungeon, and saw 6 of its levels.

You collected 230 gold pieces.
You spent 96 gold pieces at shops.

Inventory:

Hand Weapons
 a - a +1 mace
 e - a +0 flail
 i - a +2 mace of protection (weapon)
 l - a +2 whip of freezing
Armour
 q - a +1 pair of boots (worn)
Jewellery
 n - a ring of protection from cold
 p - an amulet of reflection
Wands
 j - a wand of flame (18)
 m - a wand of iceblast (7)
 r - a wand of polymorph (6)
Scrolls
 d - 2 scrolls of holy word
 f - 2 scrolls of teleportation
 h - a scroll of summoning
 k - a scroll of enchant weapon
 w - a scroll of magic mapping {unknown}
Potions
 b - a potion of curing
 c - 3 potions of heal wounds {unknown}
 g - a potion of cancellation {unknown}
 t - a potion of berserk rage {unknown}
 v - a potion of attraction {unknown}


   Skills:
 * Level 9.1 Fighting
 * Level 8.2 Maces & Flails
 + Level 5.7 Dodging


You had 8 spell levels left.
You didn't know any spells.
Your spell library was empty.

Dungeon Overview and Level Annotations

Branches:
Dungeon (6/15)             Temple (0/1) D:4

Altars:
Dithmenos
Kikubaaqudgha

Shops:
D:4 :!


Innate Abilities, Weirdness & Mutations

Your dull iron-grey scales are very hard. (AC +12)
You are amphibious.
You cannot fit into any form of body armour.
You are cold-blooded and may be slowed by cold attacks.
You are partially covered in large bone plates. (SH +4)
You are clumsy. (Dex -2)
Your flesh is heat resistant. (rF+)
You passively dampen the noise of your surroundings.


Message History

You bump into the rock wall.
You feel less confused. Something hits you.
Something bites you but does no damage. Something hits you but does no damage.
Something bites you.
Something draws strength from your injuries!
Something hits you but does no damage. Something bites you but does no damage.
You hit something but do no damage.
Your weapon exudes an aura of protection.
Your tail-slap misses something.
Something barely misses you. Something bites you.
Something draws strength from your injuries!
You barely miss something. Something hits you but does no damage.
Something bites you!
* * * LOW HITPOINT WARNING * * *
Something draws strength from your injuries!
You miss something. Something hits you.
* * * LOW HITPOINT WARNING * * *
Something bites you but does no damage.
You hit something but do no damage.
Your weapon exudes an aura of protection.
Something hits you but does no damage. Something barely misses you.
You closely miss something.
Your tail-slap misses something.
You block something's attack. Something bites you.
* * * LOW HITPOINT WARNING * * *
Something draws strength from your injuries!
You hit something but do no damage. You tail-slap something.
Something hits you but does no damage. Something bites you but does no damage.
You closely miss something. You tail-slap something.
Something hits you but does no damage. Something bites you!
* * * LOW HITPOINT WARNING * * *
Something draws strength from your injuries!
You closely miss something. Something hits you but does no damage.
Something bites you but does no damage.
You closely miss something. Something hits you.
* * * LOW HITPOINT WARNING * * *
Something bites you but does no damage.
You hit something. Something hits you but does no damage.
Something bites you but does no damage.
You sock something! Something draws life force from you!
You die...

#.. #.# ## #.# .( #.#
.# #.# .# #.# ####.###
##########.###.{@...##
.............†...>...#
###.##########.......#
#.# #.......# #.#
#.......# #.#
#.......# #.#
#......... #.#
########## #.#


There were no monsters in sight!

Vanquished Creatures
  Pikel (D:6)
  Sigmund (D:4)
  A sky beast (D:6)
  3 ogres
  A necrophage (D:5)
  2 phantoms
  A gnoll sergeant (D:6)
  A bullfrog (D:6)
  A water moccasin zombie (D:5)
  2 scorpions
  4 killer bees (D:6)
  A howler monkey (D:5)
  2 hounds (D:5)
  5 orc priests
  An iguana (D:5)
  2 orc wizards (D:5)
  A hound skeleton (D:5)
  4 gnolls (D:6)
  9 adders
  2 worms
  3 dart slugs
  14 orcs
  5 ball pythons
  8 endoplasms
  3 giant cockroaches
  7 goblins
  10 hobgoblins
  8 jackals
  A quokka (D:2)
  4 bats
  2 frilled lizards
  4 kobolds
  6 rats
120 creatures vanquished.

Vanquished Creatures (others)
  9 plants (D:1)
9 creatures vanquished.

Grand Total: 129 creatures vanquished

Notes
Turn   | Place    | Note
-------+----------+-------------------------------------------
     0 | D:1      | L33tCrusader the Draconian Berserker began the quest for
                  | the Orb.
     0 | D:1      | Reached XP level 1. HP: 19/19 MP: 1/1
   196 | D:1      | Reached XP level 2. HP: 22/26 MP: 2/2
   459 | D:1      | Reached XP level 3. HP: 23/33 MP: 3/3
   594 | D:1      | You fall into a shaft and drop 1 floor!
   594 | D:2      | Found a shadowy altar of Dithmenos.
   662 | D:2      | Reached ** piety under Trog
  1024 | D:2      | Reached skill level 4 in Fighting
  1355 | D:2      | Reached XP level 4. HP: 37/40 MP: 4/4
  1887 | D:3      | Reached XP level 5. HP: 41/47 MP: 5/5
  2691 | D:4      | Found Boisaj's Book Emporium.
  2692 | D:4      | Found Joczeob's Distillery.
  2809 | D:4      | Bought a potion of mutation for 96 gold pieces
  2809 | D:4      | Gained mutation: You are partially covered in large bone
                  | plates. (SH +4) [potion of mutation]
  2809 | D:4      | Gained mutation: Your flesh is heat resistant. (rF+)
                  | [potion of mutation]
  2809 | D:4      | Gained mutation: You are clumsy. (Dex -2) [potion of
                  | mutation]
  2809 | D:4      | Gained mutation: You passively dampen the noise of your
                  | surroundings. [potion of mutation]
  2953 | D:4      | Noticed a phantom
  2957 | D:4      | Found a staircase to the Ecumenical Temple.
  2960 | D:4      | Killed a phantom
  2961 | D:4      | Reached skill level 5 in Fighting
  3081 | D:4      | Noticed an ogre
  3088 | D:4      | Killed an ogre
  3089 | D:4      | Reached skill level 5 in Maces & Flails
  3089 | D:4      | Reached XP level 6. HP: 20/56 MP: 6/6
  3358 | D:4      | Noticed Sigmund
  3372 | D:4      | Killed Sigmund
  3373 | D:4      | Reached skill level 6 in Fighting
  3721 | D:4      | Your scales start taking on a dull iron-grey colour.
  3721 | D:4      | Reached XP level 7. HP: 63/63 MP: 7/7
  3955 | D:5      | Entered Level 5 of the Dungeon
  4319 | D:5      | Reached skill level 7 in Fighting
  4585 | D:5      | Reached XP level 8. HP: 36/73 MP: 8/8
  4977 | D:5      | Reached *** piety under Trog
  5230 | D:6      | Found an ancient bone altar of Kikubaaqudgha.
  5248 | D:6      | Reached skill level 5 in Dodging
  5494 | D:6      | Reached skill level 8 in Fighting
  5881 | D:6      | Noticed Pikel
  5891 | D:6      | Killed Pikel
  5892 | D:6      | Reached skill level 9 in Fighting
  5892 | D:6      | Reached XP level 9. HP: 83/83 MP: 9/9
  5976 | D:6      | Killed from afar by a vampire

Illustrated notes

Levels and vault maps discovered:
D:1:      saegor_arrival_simple_d, layout_basic, serial_shops,
          nicolae_lakefront_shop, basic_ecumenical_altar, chequers_big_river,
          st_stairs_6, skrybe_limestone_x, minivault_25, minmay_bisected
D:2:      minmay_recursive_quarters, layout_loops_ring, basic_altar,
          nrook_mini_backslash, minmay_misc_feat_alley
D:3:      layout_basic, st_stairs_5
D:4:      layout_basic, temple_pool_b, nicolae_wooded_promenade, uniq_sigmund
D:5:      nicolae_cairo_tiling, layout_loops_ring, portal_sewer_entry_d
D:6:      cheibrodos_quashed, layout_basic, kiku_gazebo_garden_becter,
          uniq_pikel

Skill      XL: |  1  2  3  4  5  6  7  8 |
---------------+-------------------------+-----
Dodging        | 3 4 5 |  5.7
Fighting       | 4 5 6 7 9 |  9.1
Maces & Flails | 4 5 6 8 |  8.2

Action                   |  1- 3 |  4- 6 |  7- 9 || total
-------------------------+-------+-------+-------++-------
Melee: Mace              |   109 |    84 |   267 ||   460
       Tailslap          |    14 |    12 |    34 ||    60
       Punch             |     1 |       |     2 ||     3
       Flail             |       |     5 |       ||     5
Invok: Berserk           |     1 |     2 |     4 ||     7
  Use: Scroll            |     2 |     1 |     7 ||    10
       Potion            |       |     1 |     3 ||     4
 Stab: Sleeping          |     1 |     1 |       ||     2
Armor: Skin              |    34 |    13 |   146 ||   193
Dodge: Dodged            |    99 |    57 |   151 ||   307
Block: Other             |       |     2 |    56 ||    58
